 Dungeon Crawl Stone Soup version 0.27-a0-262-gc50aac273e (webtiles) character file.

Game seed: 8029905966649242697

131 Borgoz the Slasher (level 5, 0/44 HPs)
             Began as a Ghoul Gladiator on Feb 5, 2021.
             Slain by a gnoll
             ... wielding a +0 spear
              (9 damage)
             ... on level 3 of the Dungeon.
             The game lasted 00:01:41 (2682 turns).

Borgoz the Slasher (Ghoul Gladiator)                Turns: 2682, Time: 00:01:42

Health: 0/44       AC:  4    Str: 18    XL:     5   Next: 14%
Magic:  4/4        EV: 12    Int:  3    God:
Gold:   94         SH:  0    Dex: 11    Spells: 4/4 levels left

rFire    . . .     SeeInvis .   a - +0 long sword
rCold    + . .     Faith    .   (no shield)
rNeg     + + +     Spirit   .   b - +0 leather armour
rPois    ∞         Reflect  .   c - +0 helmet
rElec    .         Harm     .   (no cloak)
rCorr    .         Rampage  .   (no gloves)
Will     .....                  (no boots)
Stlth    +.........             (no amulet)
HPRegen  0.00/turn              (no ring)
MPRegen  0.09/turn              (no ring)

@: flying
A: claws 1, cold resistance 1, negative energy resistance 3, inhibited
regeneration, torment resistance, unbreathing
a: no special abilities


You were on level 3 of the Dungeon.
You visited 1 branch of the dungeon, and saw 3 of its levels.

You collected 94 gold pieces.

Inventory:

Hand Weapons
 a - a +0 long sword (weapon)
Missiles
 d - 4 throwing nets (quivered)
Armour
 b - a +0 leather armour (worn)
 c - a +0 helmet (worn)
Scrolls
 e - a scroll of immolation {unknown}
 f - 2 scrolls of identify {unknown}
 h - 2 scrolls of fog {unknown}
 j - a scroll of enchant weapon {unknown}
 k - a scroll of random uselessness {unknown}
Potions
 g - a potion of heal wounds {unknown}
 i - a potion of degeneration {unknown}
 l - a potion of flight


   Skills:
 + Level 2.9 Fighting
 * Level 3.6 Long Blades
 - Level 1.7 Throwing
 * Level 2.0 Armour
 * Level 3.5 Dodging


You had 4 spell levels left.
You didn't know any spells.
Your spell library was empty.

Dungeon Overview and Level Annotations

Branches:
Dungeon (2/15)

Altars:
Okawaru
Uskayaw


Innate Abilities, Weirdness & Mutations

You thrive by killing the living.
You are immune to poison.
You have sharp fingernails.
Your flesh is cold resistant. (rC+)
You are immune to negative energy. (rN+++)
You do not regenerate when monsters are visible.
You are immune to unholy pain and torment.
You can survive without breathing.


Message History

Your Armour skill increases to level 2!
The gnoll barely misses you. The gnoll hits you but does no damage.
Things that are here:
a +0 spear; a gnoll corpse You slash the gnoll!
The gnoll is almost dead.
The gnoll hits you with a +0 halberd!
* * * LOW HITPOINT WARNING * * *
The gnoll closely misses you.
You completely miss the gnoll.
The gnoll is almost dead.
The gnoll misses you. The gnoll closely misses you.
You closely miss the gnoll.
The gnoll is almost dead.
The gnoll misses you. x2
You slash the gnoll!
You kill the gnoll!
The gnoll closely misses you.
The gnoll hits you from afar with a +0 spear!
You die...

..... #.. .#...#####
..?...
........###..>...
.##...............
.................
................
.##.(g.......#
.........#.g######
...........gg@...#
#########..####..#
#..#..# #..# #..#..#
#..# .##+
#(##..##+#..#
....###+#...........#
..........⌠.........#
............#######.#
.##+#..#####..#).#


You could see a gnoll and 2 goblins.

Vanquished Creatures
  An orc priest (D:3)
  2 gnolls (D:3)
  An adder (D:3)
  An ooze (D:1)
  4 worms
  2 dart slugs
  A leopard gecko (D:2)
  7 orcs (D:3)
  9 goblins
  9 hobgoblins
  A quokka (D:2)
  6 bats
  2 frilled lizards
  6 kobolds
  2 rats
54 creatures vanquished.

Notes
Turn   | Place    | Note
-------+----------+-------------------------------------------
     0 | D:1      | Borgoz the Ghoul Gladiator began the quest for the Orb.
     0 | D:1      | Reached XP level 1. HP: 17/17 MP: 0/0
   391 | D:1      | Reached XP level 2. HP: 24/24 MP: 1/1
  1078 | D:1      | Reached skill level 1 in Armour
  1078 | D:1      | Reached XP level 3. HP: 30/30 MP: 2/2
  1451 | D:2      | Found a hide-covered altar of Uskayaw.
  1454 | D:2      | Noticed a +0 hand axe
  1454 | D:2      | Noticed a +0 dagger
  1604 | D:2      | Found an iron altar of Okawaru.
  2155 | D:2      | You fall into a shaft and drop 1 floor!
  2172 | D:3      | Reached XP level 4. HP: 24/37 MP: 3/3
  2579 | D:3      | Reached XP level 5. HP: 37/44 MP: 4/4
  2682 | D:3      | Slain by a gnoll

Illustrated notes

Levels and vault maps discovered:
D:1:      saegor_arrival_simple_a, layout_loops_corners,
          serial_co_window_serial, co_window_corner_a, co_window_cross_1,
          co_window_corner_a, co_window_corner_a, co_window_paths_b,
          co_window_paths_a, co_window_of_opportunity_a,
          co_window_unsneaky_path_a, co_window_unsneaky_path_c,
          co_window_corner_b, co_window_broadway_a, co_window_2corner,
          co_window_broadway_a, glass_columns_a, glass_columns_a,
          minmay_pentomino_w2
D:2:      layout_rooms, nicolae_overflow_crystal_walls, dancing_weapons_uskayaw
D:3:      corexii_shack_village, layout_basic, lemuel_coloured_pillars_altar

Skill      XL: |  1  2  3  4  5 |
---------------+----------------+-----
Long Blades    | 3 |  3.6
Dodging        | 3 |  3.5
Armour         | 1 2 |  2.0
Fighting       | |  2.9
Throwing       | |  1.7

Action                   |  1- 3 |  4- 6 || total
-------------------------+-------+-------++-------
Melee: Long sword        |    89 |    67 ||   156
Throw: Throwing net      |     1 |       ||     1
  Use: Potion            |       |     1 ||     1
 Stab: Held in net/web   |     1 |       ||     1
Armor: Leather armour    |    18 |    11 ||    29
Dodge: Dodged            |    48 |    60 ||   108
       Rpst.: Long sword |    12 |    10 ||    22

Table legend: (Time is in decaauts)
 A = Elapsed time spent in this place.
 B = Non-inter-level travel time spent in this place.
 C = Inter-level travel time spent in this place.
 D = Time resting spent in this place.
 E = Time spent auto-exploring this place.
 F = Levels seen in this place.
 G = Mean time per level.
                   A        B        C        D        E       F      G
               +--------+--------+--------+--------+--------+-----+--------+
         Total |   2718 |   2709 |      9 |    417 |   1940 |   3 |  906.0 |
       Dungeon |   2718 |   2709 |      9 |    417 |   1940 |   3 |  906.0 |
               +--------+--------+--------+--------+--------+-----+--------+

Top non-repeatable levels by time:
     D:1: 1336 daAuts
     D:2: 838 daAuts
     D:3: 543 daAuts
